 Dungeon Crawl Stone Soup version 0.23-a0-650-ga4d50d4 (webtiles) character file.

12626 gruber the Martial Artist (level 11, -5/84 HPs)
             Began as a Gnoll Transmuter on Jan 5, 2019.
             Was an Initiate of Gozag.
             Slain by a catoblepas (23 damage)
             ... on level 11 of the Dungeon.
             The game lasted 00:31:56 (12599 turns).

gruber the Martial Artist (Gnoll Transmuter)       Turns: 12599, Time: 00:31:57

Health: -5/84      AC:  2    Str: 16    XL:     11   Next: 96%
Magic:  22/23      EV: 29    Int: 18    God:    Gozag
Gold:   1246       SH:  0    Dex: 21    Spells: 16/26 levels left

rFire    . . .     SeeInvis .     - Unarmed
rCold    . . .     Gourm    +   (shield currently unavailable)
rNeg     . . .     Faith    .   (armour currently unavailable)
rPois    x         Spirit   .   (helmet currently unavailable)
rElec    .         Reflect  .   (cloak currently unavailable)
rCorr    .         Harm     .   (gloves currently unavailable)
MR       .....                  (boots currently unavailable)
Stlth    ++++......             t - amulet of the gourmand
HPRegen  0.24/turn              (no ring)
MPRegen  0.18/turn              u - +3 ring of strength

@: spider-form
A: tiny, distributed training, strong nose
a: End Transformation, Potion Petition, Call Merchant, Bribe Branch, Renounce
Religion


You were on level 11 of the Dungeon.
You worshipped Gozag.
Gozag was most pleased with you.
You were not hungry.
You were a venomous arachnid creature.
You visited 2 branches of the dungeon, and saw 12 of its levels.
You also visited: Ossuary.

You collected 1704 gold pieces.
You spent 351 gold pieces at shops.
You paid 107 gold pieces to Gozag.

Inventory:

Hand Weapons
 g - the +4 flail of Courage (melded) {pain, rF+ Dex+2 Stlth+}
   (You bought it in a shop on level 9 of the Dungeon)

   In the hands of one skilled in necromantic magic, it inflicts extra damage on
   living creatures.
   It affects your dexterity (+2).
   It protects you from fire.
   It makes you more stealthy.
 E - the +2 trident "Ucvyek" {flame, rN+}
   (You found it on level 5 of the Dungeon)

   It has been specially enchanted to burn those struck by it, causing extra
   injury to most foes and up to half again as much damage against particularly
   susceptible opponents.
   It protects you from negative energy.
Missiles
 a - 192 arrows
 K - 3 javelins of penetration (quivered)
Armour
 o - a +0 cloak (melded)
 A - the +2 buckler of Summertime (melded) {rF+ Str+3}
   (You found it on level 5 of the Dungeon)

   It affects your strength (+3).
   It protects you from fire.
 B - a +0 pair of boots (melded)
 F - a +2 leather armour of cold resistance (melded)
 O - the +0 helmet of Feasting (melded) {+Blink Dex+2}
   (You acquired it on level 10 of the Dungeon)

   It affects your dexterity (+2).
   It lets you blink.
Jewellery
 q - an uncursed ring of fire
 t - an amulet of the gourmand (around neck)
 u - a +3 ring of strength (right front leg)
Wands
 p - a wand of flame (22)
 s - a wand of paralysis (4)
 D - a wand of polymorph (18)
Scrolls
 c - 4 scrolls of teleportation {unknown}
 e - 2 scrolls of amnesia {unknown}
 h - 3 scrolls of enchant armour {unknown}
 j - 10 scrolls of remove curse
 k - 2 scrolls of blinking {unknown}
 v - 2 scrolls of fear {unknown}
 w - a scroll of noise {unknown}
 y - 2 scrolls of magic mapping {unknown}
 H - 2 scrolls of random uselessness {unknown}
 I - 2 scrolls of enchant weapon {unknown}
 J - a scroll of identify
 L - a scroll of immolation {unknown}
 M - a scroll of fog {unknown}
 N - a scroll of vulnerability {unknown}
Potions
 b - a potion of lignification
 f - 4 potions of haste
 i - 2 potions of agility
 l - 6 potions of curing
 m - a potion of invisibility
 n - 3 potions of heal wounds
 r - 3 potions of ambrosia
 x - a potion of might {unknown}
 z - 2 potions of magic
 C - 2 potions of cancellation
 G - 2 potions of flight
Comestibles
 d - 20 rations


   Skills:
 + Level 7.2 Fighting
 + Level 6.6 Short Blades
 + Level 6.6 Long Blades
 + Level 6.6 Axes
 + Level 6.6 Maces & Flails
 + Level 6.6 Polearms
 + Level 6.6 Staves
 + Level 6.6 Slings
 + Level 6.6 Bows
 + Level 6.6 Crossbows
 + Level 6.6 Throwing
 + Level 6.6 Armour
 + Level 8.2 Dodging
 + Level 6.6 Stealth
 + Level 6.6 Shields
 + Level 9.4 Unarmed Combat
 + Level 8.4 Spellcasting
 + Level 5.5 Conjurations
 + Level 5.5 Hexes
 + Level 5.5 Charms
 + Level 5.5 Summonings
 + Level 5.5 Necromancy
 + Level 5.5 Translocations
 + Level 6.8 Transmutations
 + Level 5.5 Fire Magic
 + Level 5.5 Ice Magic
 + Level 5.5 Air Magic
 + Level 5.5 Earth Magic
 + Level 5.5 Poison Magic
 + Level 7.3 Invocations
 + Level 6.6 Evocations


You had 16 spell levels left.
You knew the following spells:

 Your Spells              Type           Power        Failure   Level  Hunger
a - Beastly Appendage     Tmut           ####..       3%          1    None
b - Sticks to Snakes      Tmut           ####....     4%          2    None
c - Spider Form           Tmut/Pois      ####......   9%          3    None
d - Ice Form              Ice/Tmut       ####....     21%         4    ###....

Your spell library contained the following spells:

 Spells                   Type           Power        Failure   Level  Hunger
 Corona                   Hex            ####...      5%          1    None
 Flame Tongue             Conj/Fire      ####.        5%          1    None
 Ensorcelled Hibernation  Hex/Ice        ####..       7%          2    None
 Throw Flame              Conj/Fire      ####..       7%          2    None
 Confuse                  Hex            ####....     11%         3    None
 Conjure Flame            Conj/Fire      ####....     11%         3    None
 Dazzling Spray           Conj/Hex       ####..       11%         3    None
 Inner Flame              Hex/Fire       ####....     11%         3    None
 Tukima's Dance           Hex            ####....     11%         3    None
 Sticky Flame             Conj/Fire      ####....     24%         4    ###....
 Blade Hands              Tmut           ####......   34%         5    #####..
 Fireball                 Conj/Fire      ####......   47%         5    #####..


Dungeon Overview and Level Annotations

Branches:
Dungeon (11/15)            Temple (1/1) D:6            Lair (0/6) D:11
    Orc (0/2) D:11

Altars:
Ashenzari
Cheibriados
Dithmenos
Elyvilon
Fedhas
Gozag
Hepliaklqana
Kikubaaqudgha
Makhleb
Nemelex Xobeh
Okawaru
Qazlal
Ru
Sif Muna
Trog
Uskayaw
Vehumet
Wu Jian
Xom
Yredelemnul
Zin
The Shining One
Beogh
Lugonu

Shops:
D:9 *

Annotations:
D:9 3 runed doors, Lanoc's ghost, novice DsMo
D:11 2 runed doors, Borgoz's ghost, journeyman GrAK


Innate Abilities, Weirdness & Mutations

Your experience applies equally to all skills.
((You have very sharp teeth.))
Your uncanny sense of smell can sniff out nearby items.


Message History

You bite the catoblepas!
The catoblepas is moderately wounded.
The catoblepas misses you.
You hit the catoblepas.
The catoblepas looks as sick as possible!
The catoblepas is heavily wounded.
You bite the catoblepas!
The catoblepas looks as sick as possible!
The catoblepas is severely wounded.
The catoblepas misses you.
You bite the catoblepas!
The catoblepas looks as sick as possible!
The catoblepas is almost dead.
The catoblepas gores you!!
* * * LOW HITPOINT WARNING * * *
You hit the catoblepas but do no damage.
The catoblepas is almost dead.
The catoblepas gores you!!
You die...
Your body crumbles into a pile of gold.

#......#######
........#......'......
$
.......#.####.#......
......#.####.#......
.....#......#......
#....#......#######
#....#.............
#..Y.#>............
#.s§.#.............
#....#............#
#....#............#
#..§.#.............
#####..............
#..........####.....
#..........#>)#.....
#..........#..'.....
#..........####..P..


You could see a catoblepas.

Vanquished Creatures
  Snorg (D:10)
  2 two-headed ogres
  An unseen horror (D:11)
  An ugly thing (D:11)
  A cyclops (D:11)
  Psyche (D:10)
  A troll (D:11)
  5 hippogriffs
  A shadow (D:11)
  Sigmund (D:4)
  A wraith (Ossuary)
  2 wyverns
  6 yaks (D:11)
  Eustachio (D:6)
  Menkaure (D:7)
  Grum (D:8)
  4 wargs (D:11)
  A soldier ant (D:10)
  A water moccasin (D:7)
  3 orc warriors
  A black bear (D:11)
  4 ice beasts
  2 sky beasts
  2 phantoms
  2 ogres
  4 wolves (D:8)
  5 centaurs
  A crocodile (D:11)
  Blork the orc (D:5)
  2 big kobolds
  5 bullfrogs
  3 scorpions
  A water moccasin skeleton (D:6)
  6 killer bees (D:10)
  7 wights
  3 howler monkeys (D:9)
  4 crimson imps
  11 hounds
  6 orc wizards
  2 gnoll shamans
  3 jellies (D:8)
  Crazy Yiuf (D:2)
  3 bullfrog skeletons
  A centaur skeleton (D:9)
  3 iguanas
  14 worker ants
  A big kobold zombie (Ossuary)
  3 mummies (Ossuary)
  A worker ant zombie (D:7)
  Robin (D:3)
  11 gnolls
  12 adders
  2 shadow imps
  7 oozes
  2 adder zombies
  4 worms
  3 dart slugs
  6 leopard geckos
  21 orcs
  2 ball pythons
  8 bats
  2 giant cockroaches
  11 hobgoblins
  25 jackals
  12 kobolds
  10 quokkas
  A ball python skeleton (D:6)
  6 frilled lizards
  18 goblins
  3 goblin zombies (Ossuary)
  3 hobgoblin zombies (Ossuary)
  2 kobold zombies (Ossuary)
  A quokka skeleton (D:6)
  2 quokka zombies
  7 rats
320 creatures vanquished.

Vanquished Creatures (others)
  An orc wizard (D:9)
  10 fungi (D:11)
  24 plants (D:11)
35 creatures vanquished.

Grand Total: 355 creatures vanquished

Notes
Turn   | Place    | Note
-------+----------+-------------------------------------------
     0 | D:1      | gruber the Gnoll Transmuter began the quest for the Orb.
     0 | D:1      | Reached XP level 1. HP: 17/17 MP: 6/6
    68 | D:1      | Reached XP level 2. HP: 16/23 MP: 7/7
   135 | D:1      | You fall through a shaft!
   157 | D:2      | Found a blossoming altar of Fedhas.
   365 | D:2      | Reached XP level 3. HP: 28/28 MP: 7/9
   514 | D:1      | Reached skill level 5 in Spellcasting
   627 | D:1      | Found a shattered altar of Ashenzari.
   710 | D:1      | Reached skill level 1 in Invocations
   721 | D:1      | Learned a level 2 spell: Sticks to Snakes
   725 | D:1      | Learned a level 3 spell: Spider Form
  1093 | D:1      | Found a bloodstained altar of Trog.
  1243 | D:2      | Reached skill level 1 in Short Blades
  1243 | D:2      | Reached skill level 1 in Long Blades
  1243 | D:2      | Reached skill level 1 in Axes
  1243 | D:2      | Reached skill level 1 in Maces & Flails
  1243 | D:2      | Reached skill level 1 in Polearms
  1243 | D:2      | Reached skill level 1 in Staves
  1243 | D:2      | Reached skill level 1 in Slings
  1243 | D:2      | Reached skill level 1 in Bows
  1243 | D:2      | Reached skill level 1 in Crossbows
  1243 | D:2      | Reached skill level 1 in Throwing
  1243 | D:2      | Reached skill level 1 in Armour
  1243 | D:2      | Reached skill level 1 in Stealth
  1243 | D:2      | Reached skill level 1 in Shields
  1243 | D:2      | Reached skill level 1 in Evocations
  1247 | D:2      | Reached XP level 4. HP: 32/34 MP: 11/11
  1258 | D:2      | Learned a level 4 spell: Ice Form
  1534 | D:2      | Reached skill level 1 in Conjurations
  1534 | D:2      | Reached skill level 1 in Hexes
  1534 | D:2      | Reached skill level 1 in Charms
  1534 | D:2      | Reached skill level 1 in Summonings
  1534 | D:2      | Reached skill level 1 in Necromancy
  1534 | D:2      | Reached skill level 1 in Translocations
  1534 | D:2      | Reached skill level 1 in Fire Magic
  1534 | D:2      | Reached skill level 1 in Ice Magic
  1534 | D:2      | Reached skill level 1 in Air Magic
  1534 | D:2      | Reached skill level 1 in Earth Magic
  1534 | D:2      | Reached skill level 1 in Poison Magic
  1621 | D:2      | Found a runed door.
  1652 | D:2      | Noticed Crazy Yiuf
  1659 | D:2      | Killed Crazy Yiuf
  1659 | D:2      | Reached XP level 5. HP: 40/40 MP: 8/12
  2254 | D:3      | Noticed Robin
  2317 | D:3      | Found an ornate altar of the Wu Jian Council.
  2544 | D:3      | Killed Robin
  2908 | D:3      | Reached XP level 6. HP: 46/47 MP: 13/13
  3486 | D:4      | Reached skill level 5 in Dodging
  3495 | D:4      | Noticed Sigmund
  3513 | D:4      | Killed Sigmund
  3513 | D:4      | Reached XP level 7. HP: 50/52 MP: 5/15
  3903 | D:4      | Found an ancient bone altar of Kikubaaqudgha.
  4190 | D:5      | Entered Level 5 of the Dungeon
  4238 | D:5      | Noticed Blork the orc
  4258 | D:5      | Killed Blork the orc
  4258 | D:5      | Reached skill level 7 in Unarmed Combat
  4305 | D:5      | Got an encrusted trident
  4306 | D:5      | Identified the +2 trident "Ucvyek" {flame, rN+} (You found
                  | it on level 5 of the Dungeon)
  4387 | D:5      | Found a shattered altar of Ashenzari.
  4585 | D:5      | Reached XP level 8. HP: 29/60 MP: 12/16
  5062 | D:5      | Got a jewelled buckler
  5375 | D:6      | Found a staircase to the Ecumenical Temple.
  5401 | D:6      | Noticed Eustachio
  5469 | D:6      | Killed Eustachio
  5506 | D:6      | Reached XP level 9. HP: 48/66 MP: 15/18
  5510 | Temple   | Entered the Ecumenical Temple
  5592 | D:6      | Found a stormy altar of Qazlal.
  5604 | D:6      | Reached skill level 5 in Transmutations
  6450 | D:7      | Reached skill level 5 in Fighting
  6558 | D:7      | Noticed Menkaure
  6565 | D:7      | Killed Menkaure
  6774 | D:7      | Reached skill level 8 in Unarmed Combat
  7007 | D:7      | Found a shadowy altar of Dithmenos.
  7008 | D:7      | Found a snail-covered altar of Cheibriados.
  7008 | D:7      | Found a sparkling altar of Nemelex Xobeh.
  7008 | D:7      | Found a white marble altar of Elyvilon.
  7008 | D:7      | Found an iron altar of Okawaru.
  7010 | D:7      | Found a glowing golden altar of the Shining One.
  7011 | D:7      | Found an opulent altar of Gozag.
  7012 | D:7      | Found a radiant altar of Vehumet.
  7099 | D:7      | Became a worshipper of Gozag Ym Sagoz the Greedy
  7100 | D:7      | Identified the +2 buckler of Summertime {rF+ Str+3} (You
                  | found it on level 5 of the Dungeon)
  7212 | D:8      | Reached skill level 5 in Invocations
  7250 | D:8      | Reached XP level 10. HP: 58/74 MP: 18/20
  7254 | D:8      | Found a sand-covered staircase.
  7262 | D:8      | Noticed Grum
  7276 | D:8      | Killed Grum
  7286 | Ossuary  | Entered an ossuary
  8318 | D:8      | Reached skill level 5 in Short Blades
  8318 | D:8      | Reached skill level 5 in Long Blades
  8318 | D:8      | Reached skill level 5 in Axes
  8318 | D:8      | Reached skill level 5 in Maces & Flails
  8318 | D:8      | Reached skill level 5 in Polearms
  8318 | D:8      | Reached skill level 5 in Staves
  8318 | D:8      | Reached skill level 5 in Slings
  8318 | D:8      | Reached skill level 5 in Bows
  8318 | D:8      | Reached skill level 5 in Crossbows
  8318 | D:8      | Reached skill level 5 in Throwing
  8318 | D:8      | Reached skill level 5 in Armour
  8318 | D:8      | Reached skill level 5 in Stealth
  8318 | D:8      | Reached skill level 5 in Shields
  8318 | D:8      | Reached skill level 5 in Evocations
  8451 | D:8      | Found a glowing silver altar of Zin.
  8452 | D:8      | Noticed an angel
  8514 | D:9      | Noticed a two-headed ogre
  8654 | D:9      | Killed a two-headed ogre
  9066 | D:9      | Found a runed gate.
  9067 | D:9      | Found a runed gate.
  9068 | D:9      | Found a runed gate.
  9068 | D:9      | Noticed Lanoc's ghost (novice DsMo)
  9165 | D:9      | Found Zekle's Assorted Antiques.
  9171 | D:9      | Bought an ancient flail for 161 gold pieces
  9171 | D:9      | Bought 2 scrolls of identify for 76 gold pieces
  9171 | D:9      | Bought 3 scrolls of identify for 114 gold pieces
  9171 | D:9      | Identified the +4 flail of Courage {pain, rF+ Dex+2 Stlth+}
                  | (You bought it in a shop on level 9 of the Dungeon)
  9283 | D:9      | Found a roughly hewn altar of Beogh.
  9322 | D:10     | Entered Level 10 of the Dungeon
  9335 | D:10     | Found a shadowy altar of Dithmenos.
  9741 | D:10     | Reached XP level 11. HP: 73/82 MP: 19/22
  9805 | D:10     | Noticed a two-headed ogre
  9821 | D:10     | Killed a two-headed ogre
  9870 | D:10     | Noticed Psyche
  9871 | D:10     | Noticed Snorg
  9894 | D:10     | Killed Snorg
  9894 | D:10     | Reached skill level 9 in Unarmed Combat
  9894 | D:10     | Reached skill level 5 in Conjurations
  9894 | D:10     | Reached skill level 5 in Hexes
  9894 | D:10     | Reached skill level 5 in Charms
  9894 | D:10     | Reached skill level 5 in Summonings
  9894 | D:10     | Reached skill level 5 in Necromancy
  9894 | D:10     | Reached skill level 5 in Translocations
  9894 | D:10     | Reached skill level 5 in Fire Magic
  9894 | D:10     | Reached skill level 5 in Ice Magic
  9894 | D:10     | Reached skill level 5 in Air Magic
  9894 | D:10     | Reached skill level 5 in Earth Magic
  9894 | D:10     | Reached skill level 5 in Poison Magic
  9909 | D:10     | Killed Psyche
 10359 | D:11     | Found a large runed door.
 10359 | D:11     | Found a large runed door.
 10364 | D:11     | Noticed Borgoz's ghost (journeyman GrAK)
 10491 | D:11     | Noticed a death knight
 10529 | D:11     | Noticed a cyclops
 10540 | D:11     | Killed a cyclops
 10973 | D:11     | Noticed a brown ugly thing
 11014 | D:11     | Killed a brown ugly thing
 11067 | D:11     | Found a staircase to the Orcish Mines.
 11774 | D:10     | Identified a scroll of acquirement
 11777 | D:10     | Got an ancient helmet
 11778 | D:10     | Identified the +0 helmet of Feasting {+Blink Dex+2} (You
                  | acquired it on level 10 of the Dungeon)
 11871 | D:11     | HP: 4/84 [something (4)]
 11881 | D:11     | Killed an unseen horror
 12240 | D:11     | Found a staircase to the Lair.
 12585 | D:11     | Noticed a catoblepas
 12599 | D:11     | Slain by a catoblepas

Vault maps used:
D:1:      dpeg_arrival_water_altar, evilmike_ruin_ashenzari
D:2:      old_standard_altar, uniq_crazy_yiuf_cottage
D:3:      lemuel_crystal_altar, uniq_robin
D:4:      kennysheep_mini, first_ration, uniq_sigmund
D:5:      kennysheep_windowed_halls, kennysheep_mini_moat, minivault_24,
          uniq_blork_the_orc
D:6:      nicolae_overflow_crystal_walls, minmay_temple_entry_arrows,
          uniq_eustachio
D:7:      lemuel_upstairs_altar, minitemple, uniq_menkaure
D:8:      zin_angel, enter_ossuary_2, hangedman_little_slice_of_home, uniq_grum
D:9:      serial_shops, shop, biasface_ghost_orc_armoury
D:10:     small_statue_intersection, st_stairs_10,
          grunt_dithmenos_smoke_and_mirrors, uniq_psyche, uniq_snorg
D:11:     grunt_lair_entry_orc_guard_hut, minmay_orc_entry_guard_dogs,
          ebering_ghost_disaster_area
Temple:   corrupted_temple
Ossuary:  ossuary_kennysheep_city_of_the_dead

Skill      XL: |  1  2  3  4  5  6  7  8  9 10 11 |
---------------+----------------------------------+-----
Spellcasting   | 5 6 7 8 |  8.4
Invocations    | 1 2 3 4 5 6 7 |  7.3
Short Blades   | 1 2 3 4 5 6 |  6.6
Long Blades    | 1 2 3 4 5 6 |  6.6
Axes           | 1 2 3 4 5 6 |  6.6
Maces & Flails | 1 2 3 4 5 6 |  6.6
Polearms       | 1 2 3 4 5 6 |  6.6
Staves         | 1 2 3 4 5 6 |  6.6
Slings         | 1 2 3 4 5 6 |  6.6
Bows           | 1 2 3 4 5 6 |  6.6
Crossbows      | 1 2 3 4 5 6 |  6.6
Throwing       | 1 2 3 4 5 6 |  6.6
Armour         | 1 2 3 4 5 6 |  6.6
Stealth        | 1 2 3 4 5 6 |  6.6
Shields        | 1 2 3 4 5 6 |  6.6
Evocations     | 1 2 3 4 5 6 |  6.6
Conjurations   | 1 2 3 4 5 |  5.5
Hexes          | 1 2 3 4 5 |  5.5
Charms         | 1 2 3 4 5 |  5.5
Summonings     | 1 2 3 4 5 |  5.5
Necromancy     | 1 2 3 4 5 |  5.5
Translocations | 1 2 3 4 5 |  5.5
Fire Magic     | 1 2 3 4 5 |  5.5
Ice Magic      | 1 2 3 4 5 |  5.5
Air Magic      | 1 2 3 4 5 |  5.5
Earth Magic    | 1 2 3 4 5 |  5.5
Poison Magic   | 1 2 3 4 5 |  5.5
Fighting       | 3 4 5 6 7 |  7.2
Transmutations | 4 5 6 |  6.8
Dodging        | 5 6 7 8 |  8.2
Unarmed Combat | 7 8 9 |  9.4

Action                   |  1- 3 |  4- 6 |  7- 9 | 10-12 || total
-------------------------+-------+-------+-------+-------++-------
Melee: Unarmed           |    67 |    30 |   226 |   411 ||   734
       Bite              |     9 |     9 |     6 |     9 ||    33
       Headbutt          |     6 |       |       |       ||     6
       Punch             |     2 |     1 |       |       ||     3
       Mace              |     9 |    12 |       |       ||    21
       Kick              |     2 |       |       |       ||     2
       Quarterstaff      |       |    93 |       |       ||    93
       Dagger            |       |    12 |     4 |       ||    16
       Trident           |       |       |    62 |    78 ||   140
       Flail             |       |       |       |    21 ||    21
 Cast: Beastly Appendage |    10 |       |       |       ||    10
       Spider Form       |       |     6 |    32 |    30 ||    68
       Sticks to Snakes  |       |     4 |       |       ||     4
       Ice Form          |       |       |     2 |     7 ||     9
Invok: Potion Petition   |       |       |       |     1 ||     1
Evoke: Wand              |       |       |       |     2 ||     2
  Use: Scroll            |       |       |     8 |    10 ||    18
       Potion            |       |       |       |     3 ||     3
 Stab: Sleeping          |     1 |     6 |     9 |    12 ||    28
       Confused          |       |     1 |       |       ||     1
       Distracted        |       |       |     1 |     5 ||     6
       Paralysed         |       |       |       |     4 ||     4
       Invisible         |       |       |       |     3 ||     3
  Eat: Chunk             |       |    16 |    14 |       ||    30
       Ration            |       |       |       |     4 ||     4
Armor: Robe              |     7 |    18 |    12 |     5 ||    42
       Skin              |       |       |     8 |    27 ||    35
       Leather armour    |       |       |       |     6 ||     6
Dodge: Dodged            |    52 |    87 |   257 |   452 ||   848
Block: Buckler           |       |     4 |    17 |    27 ||    48

Table legend:
 A = Non-vault XP
 B = Vault XP
 C = Vault XP percentage of total XP
 D = Non-vault monster count
 E = Vault monster count
 F = Vault count percentage of total count
                 A         B        C        D         E       F
            +---------+---------+-------+---------+---------+-------
      Total |   12628 |    5410 |  30.0 |     251 |      70 |  21.8
            +---------+---------+-------+---------+---------+-------
        D:1 |      39 |       0 |   0.0 |      21 |       0 |   0.0
        D:2 |     175 |      45 |  20.5 |      34 |       3 |   8.1
        D:3 |      48 |      28 |  36.8 |      19 |       9 |  32.1
        D:4 |     130 |     163 |  55.6 |       6 |       1 |  14.3
        D:5 |     542 |     683 |  55.8 |      18 |      16 |  47.1
        D:6 |     739 |     197 |  21.0 |      29 |       1 |   3.3
        D:7 |    1077 |     183 |  14.5 |      19 |       1 |   5.0
        D:8 |     672 |     801 |  54.4 |      21 |      13 |  38.2
        D:9 |    2544 |       0 |   0.0 |      41 |       0 |   0.0
       D:10 |    2124 |    1770 |  45.5 |      16 |       5 |  23.8
       D:11 |    4538 |    1242 |  21.5 |      27 |       8 |  22.9
    Ossuary |       0 |     298 | 100.0 |       0 |      13 | 100.0
            +---------+---------+-------+---------+---------+-------
